 Dungeon Crawl Stone Soup version 0.29.1-13-g9f3cf754e1 (webtiles) character file.

Game seed: 6647612597780243660

30 GregorKastrin the Sneak (level 3, 0/27 HPs)
             Began as a Human Brigand on Feb 2, 2023.
             Slain by an orc priest
             ... wielding a +2 dagger of pain
              (2 damage)
             ... on level 3 of the Dungeon.
             The game lasted 00:04:13 (912 turns).

GregorKastrin the Sneak (Human Brigand)              Turns: 912, Time: 00:04:14

Health: 0/27       AC:  3    Str: 13    XL:     3   Next: 37%
Magic:  3/3        EV: 12    Int: 17    God:
Gold:   36         SH:  0    Dex: 14    Spells: 2/2 levels left

rFire   . . .      SeeInvis .   a - +2 dagger
rCold   . . .      Faith    .   (no shield)
rNeg    . . .      Spirit   .   b - +0 robe
rPois   .          Reflect  .   (no helmet)
rElec   .          Harm     .   c - +0 cloak
rCorr   .          Rampage  .   (no gloves)
Will    .....                   (no boots)
Stlth   +++.......              (no amulet)
HPRegen 0.09/turn               d - +6 ring of intelligence
MPRegen 0.08/turn               (no ring)

@: no status effects
A: no striking features
a: no special abilities


You were on level 3 of the Dungeon.
You visited 1 branch of the dungeon, and saw 3 of its levels.

You collected 36 gold pieces.

Inventory:

Hand Weapons
 a - a +2 dagger (weapon)
Missiles
 e - a curare-tipped dart (quivered)
Armour
 b - a +0 robe (worn)
 c - a +0 cloak (worn)
Jewellery
 d - a +6 ring of intelligence (left hand)
Scrolls
 f - a scroll of identify
Potions
 g - 2 potions of attraction


   Skills:
 * Level 2.0 Fighting
 * Level 2.2 Short Blades
 * Level 2.0 Throwing
 * Level 0.7 Armour
 * Level 1.2 Dodging
 * Level 4.6 Stealth
 * Level 0.3 Spellcasting


You had 2 spell levels left.
You didn't know any spells.
Your spell library contained the following spells:

 Spells                   Type           Power      Damage    Failure   Level
 Gell's Gravitas          Tloc           0%         N/A       56%         3
 Teleport Other           Tloc           0%         N/A       56%         3
 Dispersal                Tloc           0%         N/A       100%        6


Dungeon Overview and Level Annotations

Branches:
Dungeon (3/15)

Altars:


Message History

Unknown command.
Throw: 2 javelins
Press: ? - help, Q - select action, (/) - cycle Shift-Dir - straight line, f - orc
Aim: an orc, wielding a +0 trident and wearing a +0 scale mail (64% to hit)
You throw a javelin. The javelin closely misses the orc.
Unknown command.
Throw: javelin
Press: ? - help, Q - select action, (/) - cycle Shift-Dir - straight line, f - orc priest
Aim: an orc priest, wielding a +2 dagger of pain and wearing a +0 scale mail (64% to hit)
You throw a javelin.
The javelin completely misses the orc priest.
Okay, then.
Throw: 3 darts (curare)
Press: ? - help, Q - select action Shift-Dir - straight line, f/p - orc priest
Aim: an orc priest, wielding a +2 dagger of pain and wearing a +0 scale mail (64% to hit)
You throw a curare-tipped dart. The curare-tipped dart hits the orc.
The orc is poisoned.
The orc convulses.
You kill the orc!
Throw: 2 darts (curare)
Press: ? - help, Q - select action Shift-Dir - straight line, f/p - orc priest
Aim: an orc priest, wielding a +2 dagger of pain and wearing a +0 scale mail (64% to hit)
You throw a curare-tipped dart.
The curare-tipped dart hits the orc priest.
The orc priest is poisoned.
The orc priest convulses.
The orc priest seems to slow down.
The orc priest is severely wounded.
The orc priest calls down the wrath of Beogh upon you.
Pain shoots through your body!
The orc priest hits you with a +2 dagger of pain.
* * * LOW HITPOINT WARNING * * *
You writhe in agony.
* * * LOW HITPOINT WARNING * * *
Unknown command.
You hit the orc priest but do no damage.
The orc priest is severely wounded.
You hit the orc priest but do no damage.
The orc priest is severely wounded.
The orc priest hits you with a +2 dagger of pain.
You die...

#.. ###+## #..
#....(# +..
#.....## #.#
#.....## #.#
#.....## #.#
#..(..###.#
#######o####..#
.......@......#
...#.##..#.#####
.. ##.......#
..# ###.###.# #
####.###
#......#
#.##.#.#### #
#.......#####
#..#.##.....#


You could see an orc priest (poisoned, slow).

Vanquished Creatures
  A worm (D:2)
  A dart slug (D:2)
  2 orcs (D:3)
  3 ball pythons
  An endoplasm (D:2)
  2 giant cockroaches
  A goblin (D:1)
  2 hobgoblins (D:1)
  2 quokkas
  3 bats
  2 frilled lizards
  2 kobolds
22 creatures vanquished.

Notes
Turn   | Place    | Note
-------+----------+-------------------------------------------
     0 | D:1      | GregorKastrin the Human Brigand began the quest for the
                  | Orb.
     0 | D:1      | Reached XP level 1. HP: 16/16 MP: 1/1
   145 | D:1      | Reached XP level 2. HP: 19/22 MP: 2/2
   692 | D:2      | Reached XP level 3. HP: 21/27 MP: 3/3
   912 | D:3      | Slain by an orc priest

Illustrated notes

Levels and vault maps discovered:
D:1:      wander_arrival_peaceful_grave, layout_loops_ring, fountainhead,
          st_stairs_8
D:2:      layout_basic
D:3:      layout_loops_cross, shapermc_ecumenical_altar_petra, minivault_24,
          minmay_quadrilaterals, uniq_terence

Action                   || total
-------------------------++-------
Melee: Dagger            ||    63
Throw: Dart              ||     3
       Javelin           ||    11
  Use: Scroll            ||     3
 Stab: Sleeping          ||     6
Armor: Robe              ||    10
Dodge: Dodged            ||    34
